 Dungeon Crawl Stone Soup version 0.21.0-25-ge575cb9 (webtiles) character file.

11 Monsterracer the Ducker (level 2, -1/25 HPs)
             Began as a Minotaur Gladiator on Jan 25, 2018.
             Slain by a hobgoblin
             ... wielding a +0 club
              (3 damage)
             ... on level 1 of the Dungeon.
             The game lasted 00:00:46 (279 turns).

Monsterracer the Ducker (Minotaur Gladiator)         Turns: 279, Time: 00:00:47

Health: -1/25      AC:  3    Str: 18    XL:     2   Next: 13%
Magic:  1/1        EV: 13    Int:  5    God:
Gold:   4          SH:  0    Dex: 11    Spells: 1/1 levels left

rFire    . . .     SeeInvis .   a - +0 long sword {!a}
rCold    . . .     Gourm    .   (no shield)
rNeg     . . .     Faith    .   b - +0 leather armour
rPois    .         Spirit   .   f - +0 hat
rElec    .         Reflect  .   (no cloak)
rCorr    .         Harm     .   (no gloves)
MR       .....                  (no boots)
Stlth    +.........             (no amulet)
HPRegen  0.08/turn              (no ring)
MPRegen  0.07/turn              (no ring)

@: no status effects
A: retaliatory headbutt, horns 2
a: no special abilities


You were on level 1 of the Dungeon.
You were not hungry.

You visited 1 branch of the dungeon, and saw 1 of its levels.

You collected 4 gold pieces.

Inventory:

Hand Weapons
 a - a +0 long sword (weapon) {!a}
Missiles
 d - 3 throwing nets (quivered)
Armour
 b - a +0 leather armour (worn)
 f - a +0 hat (worn)
Scrolls
 e - a scroll of remove curse {unknown}
 g - a scroll of enchant armour {unknown}
 h - a scroll of noise {unknown}
Comestibles
 c - a ration


   Skills:
 + Level 2.8 Fighting
 - Level 3.6 Long Blades
 - Level 2.0 Throwing
 * Level 3.8 Dodging


You had one spell level left.
You didn't know any spells.

Dungeon Overview and Level Annotations

Branches:
Dungeon (1/15)

Altars:


Innate Abilities, Weirdness & Mutations

You reflexively headbutt those who attack you in melee.
You have a pair of horns on your head.


Message History

You see here a chain mail.
You see here a leather armour.
A frilled lizard comes into view.
The frilled lizard hisses angrily.
A frilled lizard is nearby!
A frilled lizard is nearby!
The frilled lizard barely misses you. The frilled lizard bites you.
You take 2 damage, and have 16/18 hp.
The frilled lizard barely misses you.
You riposte.
You slash the frilled lizard!
You kill the frilled lizard!
You see here a frilled lizard corpse.
A kobold comes into view. It is wielding a club.
The kobold shouts!
Health restored: 18 A kobold is nearby!
A kobold is nearby!
Found a scroll labeled UTIAKE EGUYZUD and a naga barding.
The kobold closely misses you. The kobold barely misses you.
The kobold barely misses you. You furiously retaliate!
You headbutt the kobold!
You kill the kobold!
h - a scroll labeled UTIAKE EGUYZUD You see here a club.
Found 12 stones.
A hobgoblin and a kobold come into view.
The hobgoblin shouts!
The kobold shouts!
The kobold throws a stone.
The stone closely misses you.
You see here a stone.
There are monsters nearby!
The kobold throws a stone.
The stone closely misses you.
The kobold throws a stone.
The stone hits you but does no damage.
A rat comes into view.
The hobgoblin hits you but does no damage.
Really attack while wielding your +0 long sword {!a}?
Okay, then.
The hobgoblin barely misses you.
Found 9 gold pieces.
The hobgoblin misses you. You furiously retaliate!
You headbutt the hobgoblin. The kobold hits you but does no damage.
The hobgoblin hits you with a club. The rat misses you.
You riposte.
You barely miss the rat.
You take 5 damage, and have 13/18 hp.
MASSIVE DAMAGE!!
The kobold closely misses you. You furiously retaliate!
You headbutt the kobold!
You kill the kobold!
You have reached level 2!
The hobgoblin misses you. The rat bites you.
You regained 4 hp, and now have 17/25 hp.
MP restored: 1 The hobgoblin hits you but does no damage.
The rat misses you.
You riposte.
You slash the rat!
You kill the rat!
The hobgoblin hits you with a club.
You take 2 damage, and have 15/25 hp.
The hobgoblin hits you but does no damage.
A hobgoblin comes into view.
The hobgoblin barely misses you. The hobgoblin barely misses you.
You furiously retaliate!
You headbutt the hobgoblin, but do no damage.
The hobgoblin shouts!
The hobgoblin barely misses you. The hobgoblin barely misses you.
The hobgoblin closely misses you.
You riposte.
You hit the hobgoblin.
The hobgoblin is severely wounded.
The hobgoblin hits you with a club.
The hobgoblin hits you but does no damage.
You take 1 damage, and have 15/25 hp.
The hobgoblin hits you but does no damage.
The hobgoblin hits you.
You take 2 damage, and have 13/25 hp.
The hobgoblin misses you. The hobgoblin hits you with a club.
* * * LOW HITPOINT WARNING * * *
You take 1 damage, and have 12/25 hp.
The hobgoblin hits you but does no damage.
The hobgoblin closely misses you. The hobgoblin closely misses you.
You see here 3 stones.
The hobgoblin closely misses you. You furiously retaliate!
You headbutt the hobgoblin.
You riposte.
You hit the hobgoblin but do no damage.
The hobgoblin is almost dead.
The hobgoblin hits you.
* * * LOW HITPOINT WARNING * * *
You take 3 damage, and have 9/25 hp.
The hobgoblin barely misses you. The hobgoblin hits you.
* * * LOW HITPOINT WARNING * * *
You take 2 damage, and have 7/25 hp.
The hobgoblin barely misses you.
You riposte.
You slash the hobgoblin!
You kill the hobgoblin!
The hobgoblin hits you with a club.
* * * LOW HITPOINT WARNING * * *
You take 1 damage, and have 7/25 hp.
The hobgoblin hits you with a club.
* * * LOW HITPOINT WARNING * * *
You take 5 damage, and have 2/25 hp.
The hobgoblin barely misses you. The hobgoblin hits you with a club.
You die...

....#.#
....#.##############
....+...............
....########.#.#####
....+..............#
....##########.#.#.#
...... #.###.#
....... #.#...#
....... #.#@### .
....... #.#g# .$.
...... #.#(###....
.....
###+#+#........
...............
.......)(......
..............#
..............#
..............#


You could see a hobgoblin.

Vanquished Creatures
  A goblin (D:1)
  A hobgoblin (D:1)
  2 jackals (D:1)
  2 kobolds (D:1)
  A bat (D:1)
  A frilled lizard (D:1)
  2 rats (D:1)
10 creatures vanquished.

Notes
Turn   | Place    | Note
-------+----------+-------------------------------------------
     0 | D:1      | Monsterracer the Minotaur Gladiator began the quest for the Orb.
     0 | D:1      | Reached XP level 1. HP: 18/18 MP: 0/0
   254 | D:1      | Reached XP level 2. HP: 18/25 MP: 1/1
   266 | D:1      | HP: 12/25 [hobgoblin/club (1)]
   271 | D:1      | HP: 9/25 [hobgoblin (3)]
   276 | D:1      | HP: 2/25 [hobgoblin/club (5)]
   279 | D:1      | Slain by a hobgoblin

Action                   || total
-------------------------++-------
Melee: Headbutt          ||     1
Armor: Leather armour    ||    11
Dodge: Dodged            ||    42
       Rpst.: Long sword ||     9

Vault maps used:
D:1:      minmay_arrival_arboretum_small
